 Dungeon Crawl Stone Soup version 0.23.2-40-g277498a001 (webtiles) character file.

Game seed: 13166192359813626823

179 Dodman the Chopper (level 5, 0/47 HPs)
             Began as a Minotaur Berserker on Oct 11, 2019.
             Was a Believer of Trog.
             Slain by an iguana (3 damage)
             ... on level 4 of the Dungeon.
             The game lasted 00:05:47 (2507 turns).

Dodman the Chopper (Minotaur Berserker)             Turns: 2507, Time: 00:05:47

Health: 0/47       AC:  2    Str: 23    XL:     5   Next: 33%
Magic:  4/4        EV: 13    Int:  4    God:    Trog [**....]
Gold:   179        SH:  0    Dex:  9    Spells: 4/4 levels left

rFire    . . .     SeeInvis .   a - +0 hand axe
rCold    . . .     Gourm    .   (no shield)
rNeg     . . .     Faith    .   b - +0 animal skin
rPois    .         Spirit   .   (helmet restricted)
rElec    .         Reflect  .   (no cloak)
rCorr    .         Harm     .   (no gloves)
MR       .....                  (no boots)
Stlth    +.........             (no amulet)
HPRegen  0.15/turn              (no ring)
MPRegen  0.09/turn              (no ring)

@: berserk cooldown, slowed, very slow
A: retaliatory headbutt, horns 2
a: Berserk, Trog's Hand, Renounce Religion


You were on level 4 of the Dungeon.
You worshipped Trog.
Trog was pleased with you.
You were near starving.

You visited 1 branch of the dungeon, and saw 4 of its levels.

You collected 179 gold pieces.

Inventory:

Hand Weapons
 a - a +0 hand axe (weapon)
Armour
 b - a +0 animal skin (worn)
Jewellery
 d - an uncursed ring of ice {unknown}
 g - an uncursed ring of stealth {unknown}
 p - an uncursed ring of protection from fire {unknown}
 r - a cursed -2 ring of dexterity {unknown}
 v - an uncursed ring of fire {unknown}
Wands
 o - a wand of polymorph (8)
Scrolls
 f - 4 scrolls of identify {unknown}
 h - 2 scrolls of blinking {unknown}
 i - a scroll of teleportation {unknown}
 m - a scroll of enchant weapon {unknown}
 n - a scroll of magic mapping {unknown}
 q - 2 scrolls of remove curse {unknown}
 s - a scroll of immolation {unknown}
 t - a scroll of fog {unknown}
 u - a scroll of noise {unknown}
Potions
 e - 3 potions of curing {unknown}
 j - 2 potions of haste {unknown}
 l - 2 potions of magic {unknown}
 w - a potion of heal wounds {unknown}
Comestibles
 c - 7 rations


   Skills:
 + Level 4.8 Fighting
 + Level 5.7 Axes
 + Level 2.5 Armour
 + Level 3.2 Dodging
 + Level 0.8 Stealth


You had 4 spell levels left.
You didn't know any spells.
Your spell library was empty.

Dungeon Overview and Level Annotations

Branches:
Dungeon (4/15)
 Temple: D:4-7

Altars:
Gozag
Hepliaklqana
Okawaru
Qazlal
Xom


Innate Abilities, Weirdness & Mutations

You reflexively headbutt those who attack you in melee.
You have a pair of horns on your head.


Message History

You are no longer berserk.
You are exhausted.
You feel yourself slow down.
An iguana is nearby!
You hit the iguana but do no damage. Your headbutt misses the iguana.
The iguana bites you!
* * * LOW HITPOINT WARNING * * *
You hit the iguana.
The iguana is moderately wounded.
The iguana closely misses you.
The iguana bites you but does no damage.
You hit the iguana.
The iguana is severely wounded.
The iguana closely misses you.
You closely miss the iguana.
The iguana is severely wounded.
The iguana bites you!
* * * LOW HITPOINT WARNING * * *
The iguana bites you.
You die...

........# ......#.##
.........#
.........###
.........# #
#####......##)#
..............#
######.....####
#[@...# ... #.l.###
#... ## #...# ....
##Z######..# ##...
##ยง#Y##.'...#
##.#.##.#####.#...#
##.#..##Y#_...##<.#
##.##.####...##(....
.......###.._#
.......


You could see an iguana.

Vanquished Creatures
  An ogre (D:4)
  A hound (D:4)
  An ooze (D:1)
  A worm (D:2)
  A dart slug (D:2)
  3 leopard geckos
  3 orcs (D:3)
  6 bats
  4 giant cockroaches
  5 goblins
  7 hobgoblins
  4 jackals (D:2)
  6 kobolds
  A quokka (D:2)
  2 ball pythons
  4 frilled lizards
  3 rats (D:1)
53 creatures vanquished.

Notes
Turn   | Place    | Note
-------+----------+-------------------------------------------
     0 | D:1      | Dodman the Minotaur Berserker began the quest for the Orb.
     0 | D:1      | Reached XP level 1. HP: 19/19 MP: 0/0
    37 | D:1      | Found an iron altar of Okawaru.
   115 | D:1      | Reached skill level 4 in Axes
   115 | D:1      | Reached XP level 2. HP: 18/27 MP: 1/1
   684 | D:1      | Reached XP level 3. HP: 30/33 MP: 2/2
   894 | D:2      | Reached ** piety under Trog
  1479 | D:3      | Found an opulent altar of Gozag.
  1684 | D:3      | Reached XP level 4. HP: 34/41 MP: 3/3
  2054 | D:3      | Found a stormy altar of Qazlal.
  2475 | D:4      | Found a shimmering altar of Xom.
  2477 | D:4      | Found a hazy altar of Hepliaklqana.
  2477 | D:4      | Noticed a yak
  2480 | D:4      | Reached skill level 5 in Axes
  2481 | D:4      | Noticed a spectral ugly thing
  2481 | D:4      | Noticed a yak
  2489 | D:4      | Noticed an ogre
  2497 | D:4      | Killed an ogre
  2497 | D:4      | Reached XP level 5. HP: 33/47 MP: 4/4
  2507 | D:4      | Slain by an iguana

Skill      XL: |  1  2  3  4 |
---------------+-------------+-----
Axes           | 4 5 |  5.7
Fighting       | 4 |  4.8
Dodging        | 3 |  3.2
Armour         | |  2.5
Stealth        | |  0.8

Action                   |  1- 3 |  4- 6 || total
-------------------------+-------+-------++-------
Melee: Hand axe          |    95 |    16 ||   111
       Headbutt          |    16 |     2 ||    18
Invok: Berserk           |       |     1 ||     1
  Eat: Chunk             |     2 |     2 ||     4
Armor: Animal skin       |    22 |     1 ||    23
Dodge: Dodged            |    66 |    10 ||    76
